 Dungeon Sprint DCSS version 0.28-a0-313-gbc0475efdd (webtiles) character file.

Game seed: 5735443474982323454

3656 Ankalagon the Severer (level 10, -5/90 HPs)
             Began as a Hill Orc Fighter on Aug 31, 2021.
             Was a Follower of Yredelemnul.
             Slain by a boulder beetle (22 damage)
             ... in the Dungeon (Sprint II: "The Violet Keep of Menkaure").
             The game lasted 00:07:11 (2029 turns).

Ankalagon the Severer (Hill Orc Fighter)            Turns: 2029, Time: 00:07:11

Health: -5/90      AC: 14    Str: 20    XL:     10   Next: 12%
Magic:  10/10      EV:  8    Int:  8    God:    Yredelemnul [*.....]
Gold:   157        SH: 13    Dex: 13    Spells: 9/9 levels left

rFire   . . .      SeeInvis .   d - +4 broad axe (flame)
rCold   . . .      Faith    .   c - +0 kite shield
rNeg    . . .      Spirit   .   u - +0 plate armour
rPois   .          Reflect  .   (no helmet)
rElec   .          Harm     .   (no cloak)
rCorr   .          Rampage  .   (no gloves)
Will    .....      NoTele   +   g - +0 pair of boots
Stlth   ..........              (no amulet)
HPRegen 0.25/turn               (no ring)
MPRegen 0.12/turn               (no ring)

@: mighty, flying, hasted, very quick
A: no striking features
a: Renounce Religion, Animate Remains


You were in the Dungeon.
You worshipped Yredelemnul.
Yredelemnul was aware of your devotion.
You visited 1 branch You collected 929 gold pieces.
You spent 772 gold pieces at shops.

Inventory:

Hand Weapons
 a - a +0 war axe
 d - a +4 broad axe of flaming (weapon)
Missiles
 r - 4 javelins (quivered)
Armour
 b - a +0 scale mail
 c - a +0 kite shield (worn)
 g - a +0 pair of boots (worn)
 u - a +0 plate armour (worn)
Jewellery
 j - a ring of wizardry
Scrolls
 l - a scroll of silence {unknown}
 q - a scroll of holy word {unknown}
Potions
 e - 2 potions of curing
 h - 5 potions of magic
 i - 3 potions of mutation
 k - 4 potions of resistance
 m - a potion of haste
 n - 2 potions of flight
 o - a potion of attraction {unknown}
 p - a potion of heal wounds
 s - a potion of brilliance {unknown}
 t - 2 potions of ambrosia


   Skills:
 + Level 8.6 Fighting
 - Level 18.0 Axes
 + Level 7.6 Armour
 + Level 5.1 Dodging
 - Level 15.0 Shields


You had 9 spell levels left.
You didn't know any spells.
Your spell library contained the following spells:

 Spells                   Type           Power      Damage    Failure   Level
 Sandblast                Erth           0%         2d4       100%        1
 Blink                    Tloc           N/A        N/A       100%        2
 Passwall                 Tmut/Erth      0%         N/A       100%        2
 Slow                     Hex            0%         N/A       100%        2
 Confusing Touch          Hex            0%         N/A       100%        3
 Lee's Rapid Deconstruct  Erth           0%         3d5*      100%        5
 Manifold Assault         Tloc           0%         N/A       100%        5
 Yara's Violent Unravell  Hex/Tmut       0%         3d3       100%        5
 Storm Form               Tmut/Air       0%         N/A       100%        7


Dungeon Overview and Level Annotations

Branches:
Dungeon (1/1)

Altars:
Cheibriados
Dithmenos
Elyvilon
Fedhas
Gozag
Hepliaklqana
Kikubaaqudgha
Makhleb
Nemelex Xobeh
Okawaru
Qazlal
Ru
Sif Muna
Trog
Uskayaw
Vehumet
Wu Jian
Xom
Yredelemnul
Zin
The Shining One
Beogh
Jiyva
Lugonu

Shops:
D =:(?!(=!=?[[:(!

Annotations:
D exclusions: door, obsidian statue and oklob plant


Message History

The wyvern hisses angrily.
There is an open door, spattered with blood here.
There is an entrance to Leneh's Distillery here.
There is an entrance to Veskuuk's Antique Armour Shoppe here.
There is an entrance to Bycvegga's Distillery here.
f - a potion of might Thank you for shopping at Bycvegga's Distillery!
There is an entrance to Eramyll's Distillery here.
The cane toad gives a loud, deep croak!
The wyvern hisses menacingly.
There is an entrance to Liankusk's Book Emporium here.
There is an open door, spattered with blood here.
You enter the shallow water.
Moving in this stuff is going to be slow.
You open the door.
The boulder beetle curls into a ball and begins rolling! x2
The boulder beetle stops rolling and uncurls.
There is an open door, spattered with blood here.
You slice the boulder beetle!! You burn the boulder beetle.
The boulder beetle is moderately wounded.
The boulder beetle hits you!!!
The boulder beetle stops rolling and uncurls.
The boulder beetle leaps!
You are too injured to fight recklessly!
You are too injured to fight recklessly!
You hit the boulder beetle but do no damage.
The boulder beetle is moderately wounded.
The boulder beetle bites you!
You hit the boulder beetle. You burn the boulder beetle.
The boulder beetle is moderately wounded.
You feel very buoyant.
You fly up into the air.
The boulder beetle barely misses you.
You feel yourself speed up. You block the boulder beetle's attack.
The wyvern hisses menacingly.
You feel very mighty all of a sudden. The boulder beetle bites you!!
* * * LOW HITPOINT WARNING * * *
The boulder beetle bites you!!
You die...
Your body rises from the dead as a mindless zombie.

############≈≈#++ #+++
###########≈≈≈... ....
##.∩.∩....#≈≈≈≈.##+##..
##..∩.∩...#≈≈≈≈##.#.##.####
##...∩.∩..#≈≈≈≈#..#..#....#
##....∩.⌠.#≈≈####...####..#
##...∩.∩..#≈##.###'###.##..
##..∩.∩...#≈#...##.##...#..
##.∩.∩....@B'# #+.<.'##.'..
##∩.......#B#$..##.##.###..
#▓▓▓▓▓▓▓###≈##.###'# #.##..
##=ll######≈≈#####.#####≈≈.
#({l#F$ ##≈≈≈#..#..#≈§≈≈≈
#∩P!+).#+ #'#≈##.#.##≈§§§≈
#/..#(##≈##[#≈≈##'##≈≈≈§§≈
#?.$###≈≈≈####≈≈≈≈≈≈≈≈≈≈≈§
##+###≈≈§≈ #+++#+++#≈≈§≈


You could see 2 boulder beetles, an oklob plant and 3 wyverns.

Vanquished Creatures
  A kraken (D)
  A yaktaur (D)
  3 polar bears (D)
  A hornet (D)
  A vampire mosquito (D)
  4 water moccasins (D)
  4 necrophages (D)
  4 scorpions (D)
  3 worms (D)
  3 tentacles (D)
25 creatures vanquished.

Vanquished Creatures (others)
  Menkaure (D)
  A water moccasin (D)
  12 tentacles (D)
14 creatures vanquished.

Grand Total: 39 creatures vanquished

Notes
Turn   | Place    | Note
-------+----------+-------------------------------------------
     0 | D        | Ankalagon the Hill Orc Fighter began the quest for the Orb.
     0 | D        | Reached XP level 1. HP: 19/19 MP: 1/1
     1 | D        | Noticed a necrophage
     1 | D        | Noticed a necrophage
     1 | D        | Noticed a necrophage
     1 | D        | Noticed a necrophage
    11 | D        | Killed a necrophage
    12 | D        | Reached skill level 8 in Axes
    12 | D        | Reached XP level 2. HP: 12/26 MP: 2/2
    12 | D        | Reached XP level 3. HP: 14/31 MP: 3/3
    12 | D        | Reached XP level 4. HP: 18/39 MP: 4/4
    17 | D        | Killed a necrophage
    18 | D        | Reached skill level 10 in Axes
    18 | D        | Reached XP level 5. HP: 22/45 MP: 5/5
    22 | D        | Killed a necrophage
    23 | D        | Reached skill level 11 in Axes
    23 | D        | Reached skill level 10 in Shields
    23 | D        | Reached XP level 6. HP: 18/51 MP: 6/6
    26 | D        | Killed a necrophage
    27 | D        | Reached skill level 12 in Axes
    46 | D        | Killed a water moccasin
   128 | D        | Killed Menkaure
   520 | D        | Reached skill level 13 in Axes
   520 | D        | Reached XP level 7. HP: 17/57 MP: 7/7
   934 | D        | Noticed a boulder beetle
   934 | D        | Noticed a boulder beetle
   961 | D        | Found Leneh's Distillery.
   962 | D        | Found Liankusk's Book Emporium.
   962 | D        | Found Veskuuk's Antique Armour Shoppe.
   963 | D        | Noticed a vampire mosquito
   964 | D        | Found Heunwuode's Magic Scroll Emporium.
   964 | D        | Found Lakh's Jewellery Shoppe.
   964 | D        | Found Neskaplekk's Antique Weapon Shoppe.
   964 | D        | Found Bycvegga's Distillery.
   965 | D        | Found Jueps's Antique Weapon Shoppe.
   965 | D        | Found Momn's Antique Armour Emporium.
   965 | D        | Found Eramyll's Distillery.
   966 | D        | Found Opario's Jewellery Shoppe.
   968 | D        | Found Syugeliwn's Magic Scroll Shoppe.
   968 | D        | Found Ytsur's Weapon Emporium.
   968 | D        | Noticed an oklob plant
   972 | D        | Found Ikahiened's Jewellery Shoppe.
   972 | D        | Found Xufiebeo's Book Shoppe.
   980 | D        | Killed a vampire mosquito
   981 | D        | Reached skill level 14 in Axes
   989 | D        | Noticed a wyvern
   989 | D        | Noticed a wyvern
   989 | D        | Noticed a wyvern
   998 | D        | Noticed a cane toad
   998 | D        | Noticed a cane toad
  1017 | D        | Bought a scroll of acquirement for 728 gold pieces
  1017 | D        | Acquired a +4 broad axe of flaming
  1062 | D        | Found a snail-covered altar of Cheibriados.
  1124 | D        | Found a shadowy altar of Dithmenos.
  1124 | D        | Found a roughly hewn altar of Beogh.
  1124 | D        | Found a viscous altar of Jiyva.
  1125 | D        | Found a white marble altar of Elyvilon.
  1125 | D        | Found an ancient bone altar of Kikubaaqudgha.
  1126 | D        | Found a blossoming altar of Fedhas.
  1126 | D        | Found a corrupted altar of Lugonu.
  1126 | D        | Found a shimmering blue altar of Sif Muna.
  1127 | D        | Found an opulent altar of Gozag.
  1127 | D        | Found a burning altar of Makhleb.
  1127 | D        | Found a bloodstained altar of Trog.
  1127 | D        | Found a hazy altar of Hepliaklqana.
  1127 | D        | Found a sacrificial altar of Ru.
  1127 | D        | Found a shimmering altar of Xom.
  1128 | D        | Found a sparkling altar of Nemelex Xobeh.
  1128 | D        | Found a hide-covered altar of Uskayaw.
  1129 | D        | Found a basalt altar of Yredelemnul.
  1130 | D        | Found an iron altar of Okawaru.
  1130 | D        | Found a radiant altar of Vehumet.
  1130 | D        | Found a glowing silver altar of Zin.
  1130 | D        | Noticed a hornet
  1130 | D        | Noticed a polar bear
  1130 | D        | Noticed a polar bear
  1130 | D        | Noticed a polar bear
  1132 | D        | Noticed a yaktaur
  1141 | D        | Killed a polar bear
  1142 | D        | Reached skill level 15 in Axes
  1142 | D        | Reached XP level 8. HP: 24/64 MP: 8/8
  1145 | D        | Killed a hornet
  1145 | D        | Killed a polar bear
  1146 | D        | Reached skill level 16 in Axes
  1146 | D        | Found a stormy altar of Qazlal.
  1146 | D        | Found an ornate altar of the Wu Jian Council.
  1146 | D        | Found a glowing golden altar of the Shining One.
  1151 | D        | Killed a polar bear
  1157 | D        | Killed a yaktaur
  1158 | D        | Reached skill level 17 in Axes
  1158 | D        | Reached skill level 15 in Shields
  1158 | D        | Reached XP level 9. HP: 32/70 MP: 9/9
  1167 | D        | Became a worshipper of Yredelemnul the Dark
  1360 | D        | Noticed a kraken
  1375 | D        | Reached skill level 18 in Axes
  1785 | D        | Killed a kraken
  1785 | D        | Reached * piety under Yredelemnul
  1786 | D        | Reached skill level 5 in Dodging
  1786 | D        | Reached XP level 10. HP: 56/90 MP: 10/10
  1980 | D        | Noticed an obsidian statue
  2011 | D        | Bought a potion of might for 44 gold pieces
  2029 | D        | Slain by a boulder beetle

Illustrated notes

Levels and vault maps discovered:
D:        the_violet_keep_of_menkaure [sprint2_stairs_cluster_1,
          sprint2_shoproom, sprint2_temple, sprint2_basic_supplies,
          sprint2_obstacle_7, sprint2_obstacle_5, sprint2_obstacle_3,
          sprint2_obstacle_4, sprint2_obstacle_1, sprint2_timed_cluster_1,
          sprint2_smallroom_cluster_1, sprint2_smallroom_final_cluster_1,
          sprint2_transparent_cluster_1, sprint2_second_timed_cluster_1,
          sprint2_sniper_area_1, sprint2_heavy_combat_area_1,
          sprint2_mutation_trap_area_1, sprint2_forest_area_1,
          sprint2_light_combat_area_1, sprint2_behind_water_1,
          sprint2_near_end_vault_1]

Skill      XL: |  1  2  3  4  5  6  7  8  9 |
---------------+----------------------------+-----
Axes           | 8 10 11 13 15 17 18 | 18.0
Shields        | 7 9 10 11 13 15 | 15.0
Fighting       | 8 |  8.6
Armour         | 7 |  7.6
Dodging        | 5 |  5.1

Action                   |  1- 3 |  4- 6 |  7- 9 | 10-12 || total
-------------------------+-------+-------+-------+-------++-------
Melee: War axe           |     8 |    54 |    29 |       ||    91
       Broad axe         |       |       |    49 |     4 ||    53
Throw: Javelin           |       |       |     1 |       ||     1
  Use: Potion            |     1 |       |     4 |     3 ||     8
       Scroll            |       |     1 |     1 |     4 ||     6
Armor: Scale mail        |       |    11 |    27 |       ||    38
       Plate armour      |       |       |     1 |     3 ||     4
Dodge: Dodged            |       |     7 |    34 |     1 ||    42
Block: Kite shield       |     1 |    14 |    66 |     1 ||    82

Table legend: (Time is in decaauts)
 A = Elapsed time spent in this place.
 B = Non-inter-level travel time spent in this place.
 C = Inter-level travel time spent in this place.
 D = Time resting spent in this place.
 E = Time spent auto-exploring this place.
 F = Levels seen in this place.
 G = Mean time per level.
                   A        B        C        D        E       F      G
               +--------+--------+--------+--------+--------+-----+--------+
         Total |   2081 |   2081 |      0 |   1379 |      0 |   1 | 2081.0 |
       Dungeon |   2081 |   2081 |      0 |   1379 |      0 |   1 | 2081.0 |
               +--------+--------+--------+--------+--------+-----+--------+

Top non-repeatable levels by time:
       D: 2081 daAuts
